 Dungeon Crawl Stone Soup version 0.30-a0-691-g754fce4c43 (webtiles) character file.

Game seed: 5135467516353983372

302 arthad the Caller (level 6, -10/26 HPs)
             Began as a Felid Summoner on Jan 19, 2023.
             Killed from afar by a steam dragon (14 damage)
             ... with a ball of steam
             ... on level 5 of the Dungeon on Jan 20, 2023.
             The game lasted 00:28:38 (5445 turns).

arthad the Caller (Felid Summoner)                  Turns: 5445, Time: 00:28:38

Health: -10/26     AC:  2    Str:  3 (4)  XL:     6   Next: 14%
Magic:  2/12       EV: 18    Int: 21 (24) God:
Gold:   193        SH:  0    Dex: 15 (17) Spells: 0/12 levels left
                                        Lives:  0   Deaths: 2

rFire   . . .      SeeInvis +    (weapon unavailable)
rCold   + . .      Faith    .    (shield unavailable)
rNeg    . . .      Spirit   .    (body armour unavailable)
rPois   .          Reflect  .    (helmet unavailable)
rElec   .          Harm     .    (cloak unavailable)
rCorr   .          Rampage  .    (gloves unavailable)
Will    .....                    (boots unavailable)
Stlth   ++                       (no amulet)
HPRegen 0.24/turn                w - +6 ring of intelligence
MPRegen 0.13/turn                q - ring of protection from cold

@: quick
A: very small, claws 1, fangs 3, see invisible, speed 1, shaggy fur 2, stealthy
paws, no weapons or thrown items, no armour, multi-lived
a: no special abilities


You were on level 5 of the Dungeon.
You visited 1 branch of the dungeon, and saw 5 of its levels.
You also visited: Sewer.

You collected 193 gold pieces.

Inventory:

Hand Weapons
 h - the +1 whip of Hubris {drain, Fragile rF- Will+ Int+4}
   (You found it on level 2 of the Dungeon)

   Int:       It affects your intelligence (+4).
   rF:        It makes you vulnerable to fire.
   Fragile:   It will be destroyed if unequipped.
   Will:      It increases your willpower.
Jewellery
 l - a +6 ring of strength
 q - a ring of protection from cold (right paw)
 w - a +6 ring of intelligence (left paw)
 y - a ring of resist corrosion
Wands
 e - a wand of flame (14)
 s - a wand of charming (14)
Scrolls
 b - 3 scrolls of teleportation
 f - 2 scrolls of immolation
 g - 2 scrolls of amnesia
 m - a scroll of fog {unknown}
 o - a scroll of blinking {unknown}
 t - a scroll of brand weapon {unknown}
 u - a scroll of vulnerability {unknown}
Potions
 a - 3 potions of magic
 c - 3 potions of haste
 d - a potion of might
 i - 2 potions of cancellation
 k - a potion of attraction
 n - a potion of invisibility
 p - 2 potions of brilliance
 r - a potion of resistance {unknown}
 v - 2 potions of curing
 x - a potion of degeneration


   Skills:
 + Level 2.2 Fighting
 + Level 4.5 Dodging
 - Level 3.0 Stealth
 * Level 3.6 Spellcasting
 + Level 3.4 Hexes
 * Level 7.2 Summonings
 * Level 1.2 Air Magic
 + Level 1.9 Evocations


You couldn't memorise any spells.
You knew the following spells:

 Your Spells              Type           Power      Damage    Failure   Level
a - Summon Lightning Spi  Summ/Air       21%        N/A       22%         4
b - Call Imp              Summ           34%        N/A       1%          2
c - Call Canine Familiar  Summ           34%        N/A       1%          3
d - Summon Guardian Gole  Hex/Summ       26%        N/A       4%          3

Your spell library contained the following spells:

 Spells                   Type           Power      Damage    Failure   Level
 Summon Small Mammal      Summ           100%       N/A       1%          1
 Shock                    Conj/Air       24%        1d4       10%         1
 Kiss of Death            Conj/Necr      12%        2d6       13%         1
 Necrotise                Necr           12%        1d4       13%         1
 Cigotuvi's Dreadful Rot  Necr/Pois/Air  10%        N/A       16%         2
 Lesser Beckoning         Tloc           6%         N/A       19%         2
 Summon Ice Beast         Ice/Summ       19%        N/A       28%         4
 Gell's Gravitas          Tloc           3%         N/A       36%         3
 Ignite Poison            Fire/Tmut/Pois 3%         N/A       36%         3
 Teleport Other           Tloc           3%         N/A       36%         3
 Summon Forest            Summ/Tloc      9%         N/A       61%         5
 Summon Cactus Giant      Summ           17%        N/A       67%         6
 Sticky Flame             Conj/Fire      3%         2d3       77%         4
 Yara's Violent Unravell  Hex/Tmut       5%         3d4       86%         5
 Enfeeble                 Hex            9%         N/A       100%        7
 Ignition                 Fire           1%         3d3       100%        8
 Chain Lightning          Conj/Air       3%         3d4       100%        9


Dungeon Overview and Level Annotations

Branches:
Dungeon (5/15)              Sewer (visited)
 Temple: D:4-7

Altars:
Elyvilon
Okawaru
Ru
Sif Muna
Trog
Vehumet
Xom
Zin

Shops:
D:4 (

Annotations:
D:3 3 runed translucent doors, CraigOfTheCreek's ghost, weakling GnWn


Innate Abilities, Weirdness & Mutations

You have sharp claws.
You have razor-sharp teeth.
You have supernaturally acute eyesight. (SInv)
You cover ground quickly. (Speed+)
You are covered in thick fur. (AC +2)
Your paws help you pounce on unaware monsters.
You are incapable of wielding weapons or throwing items.
You cannot wear armour.
You gain extra lives every three experience levels.


Message History

Your wolf is engulfed in a cloud of scalding steam.
Your wolf barely misses the steam dragon.
The steam dragon closely misses your shadow imp.
The steam dragon claws your shadow imp.
Your guardian golem overheats!
Your shadow imp barely misses the steam dragon.
Your wolf barely misses the steam dragon.
Your wolf bites the steam dragon but does no damage.
The steam dragon bites your wolf. Flame seeps out of your guardian golem.
The steam dragon misses your wolf.
Your guardian golem is engulfed in blazing flames.
Flame seeps out of your guardian golem.
Your shadow imp hits the steam dragon.
Your wolf bites the steam dragon.
Your guardian golem is engulfed in blazing flames.
Flame seeps out of your guardian golem. The steam dragon bites your shadow imp.
Flame seeps out of your guardian golem. The steam dragon claws your shadow imp.
Flame seeps out of your guardian golem.
Casting: Call Imp (safe; 1% risk of failure)
Confirm with . or Enter, or press ? or * to list all spells.
Okay, then.
It was a potion of degeneration.
There was something very wrong with that liquid.
You feel weakened.
You feel dopey.
You feel clumsy.
Your wolf barely misses the steam dragon.
Your shadow imp closely misses the steam dragon.
Your wolf bites the steam dragon!
The steam dragon bites your shadow imp!
Your shadow imp dies!
Your shadow imp disappears in a puff of smoke!
Flame seeps out of your guardian golem.
Your guardian golem is engulfed in blazing flames.
Flame seeps out of your guardian golem.
Your wolf bites the steam dragon!
Casting: Call Imp (safe; 1% risk of failure)
Confirm with . or Enter, or press ? or * to list all spells.
A beastly little devil appears in a puff of flame.
Your wolf completely misses the steam dragon.
The steam dragon breathes steam at you. The ball of steam hits you!
Ouch! That really hurt!
You die...

##........##.##.## ##..<
..........#......## ##..
##.#...D9.........# #.. ....
.#...##..§h.........# #..
....##..#..##..§..........#
#..
.....#.##.##...§........#.#
...
.....#.#........§.)........#
#...
................§.......#.##
####
........###.....@.......# #
........##.......5.....##
....†...##
#.....#...)...#..###


You could see a friendly crimson imp (summoned, sheltered).

Vanquished Creatures
  A gnoll (D:5)
  A worm (D:3)
  A bat (D:3)
  An endoplasm (D:3)
  A giant cockroach (D:4)
  2 ball pythons (D:3)
  2 kobolds (Sewer)
  2 rats
11 creatures vanquished.

Vanquished Creatures (collateral kills)
  A water moccasin (D:5)
  An orc warrior (D:4)
  An ice beast (D:4)
  A kobold brigand (Sewer)
  A gnoll sergeant (D:5)
  A scorpion (D:5)
  A howler monkey (D:4)
  A jelly (D:5)
  Ijyb (D:3)
  An orc wizard (D:4)
  4 gnolls
  5 adders
  A river rat (Sewer)
  2 worms
  3 dart slugs
  6 orcs
  6 ball pythons
  6 bats
  2 endoplasms
  4 giant cockroaches
  8 goblins
  6 hobgoblins
  13 kobolds
  4 quokkas
  2 frilled lizards
  3 rats
85 creatures vanquished.

Vanquished Creatures (others)
  A necrophage (D:5)
  A hound (D:5)
  2 gnolls (D:5)
  A fungus (D:2)
  4 plants (D:2)
9 creatures vanquished.

Grand Total: 105 creatures vanquished

Notes
Turn   | Place    | Note
-------+----------+-------------------------------------------
     0 | D:1      | arthad the Felid Summoner began the quest for the Orb.
     0 | D:1      | Reached XP level 1. HP: 7/7 MP: 4/4
   228 | D:1      | Reached XP level 2. HP: 11/11 MP: 1/6
   231 | D:1      | Learned a level 2 spell: Call Imp
  1160 | D:2      | Reached XP level 3. HP: 14/14 MP: 1/7
  1164 | D:2      | Learned a level 3 spell: Call Canine Familiar
  1244 | D:2      | Identified the +1 whip of Hubris {drain, Fragile rF- Will+
                  | Int+4}
  1440 | D:2      | Reached skill level 5 in Summonings
  1892 | D:2      | Found a faded altar of an unknown god.
  2089 | D:3      | Identified a scroll of acquirement
  2089 | D:3      | Acquired Sif Muna's Dissertation on the Familiar and
                  | Feathers
  2090 | D:3      | Found a glowing drain.
  2112 | D:3      | Reached XP level 4. HP: 18/18 MP: 1/8
  2198 | Sewer    | Entered a sewer
  2272 | Sewer    | Noticed a kobold brigand
  2300 | Sewer    | Killed a kobold brigand
  2301 | Sewer    | Reached skill level 6 in Summonings
  2301 | Sewer    | Reached XP level 5. HP: 21/21 MP: 2/9
  2829 | D:3      | Noticed CraigOfTheCreek's ghost (weakling GnWn)
  3006 | D:3      | Found a runed translucent gate.
  3006 | D:3      | Found a runed translucent gate.
  3006 | D:3      | Found a runed translucent gate.
  3011 | D:3      | Found a glowing silver altar of Zin.
  3254 | D:3      | Noticed Ijyb
  3446 | D:3      | Found a blossoming altar of Fedhas.
  3448 | D:3      | Found a bloodstained altar of Trog.
  3448 | D:3      | Found a shimmering altar of Xom.
  3459 | D:3      | Found a sacrificial altar of Ru.
  3459 | D:3      | Found an iron altar of Okawaru.
  3459 | D:3      | Found a shimmering altar of Xom.
  3560 | D:3      | Killed Ijyb
  3561 | D:3      | Reached skill level 1 in Hexes
  3742 | D:4      | Reached skill level 1 in Fighting
  3742 | D:4      | Gained mutation: You are covered in thick fur. (AC +2)
                  | [Felid growth]
  3742 | D:4      | Reached XP level 6. HP: 25/25 MP: 3/10
  3869 | D:4      | Found a radiant altar of Vehumet.
  3940 | D:4      | Found a shimmering blue altar of Sif Muna.
  3947 | D:4      | Got Sif Muna's Cyclopedia of Nightshade
  3952 | D:4      | Found a bloodstained altar of Trog.
  3952 | D:4      | Noticed an orc warrior
  4335 | D:4      | Found Vaemic's Weapon Shop.
  4427 | D:4      | Found an iron altar of Okawaru.
  4432 | D:4      | Learned a level 3 spell: Summon Guardian Golem
  4771 | D:4      | Killed an orc warrior
  4881 | D:5      | Entered Level 5 of the Dungeon
  4897 | D:5      | Reached skill level 1 in Evocations
  4907 | D:5      | Reached XP level 7. HP: 28/28 MP: 0/12
  5117 | D:5      | Reached skill level 7 in Summonings
  5206 | D:5      | Learned a level 4 spell: Summon Lightning Spire
  5255 | D:5      | Noticed a two-headed ogre
  5262 | D:5      | Noticed a steam dragon
  5268 | D:5      | Slain by a two-headed ogre
  5269 | D:5      | Reached XP level 6. HP: -3/26 MP: 5/12
  5276 | D:4      | Found a white marble altar of Elyvilon.
  5330 | D:4      | Killed an ice beast
  5331 | D:4      | Reached skill level 1 in Air Magic
  5402 | D:5      | Killed from afar by a steam dragon
  5403 | D:5      | Reached XP level 5. HP: -8/22 MP: 5/11
  5424 | D:5      | Reached XP level 6. HP: 26/26 MP: 4/12
  5445 | D:5      | Killed from afar by a steam dragon

Illustrated notes

Levels and vault maps discovered:
D:1:      lemuel_arrival_behind_the_door_large, layout_basic, minivault_5
D:2:      layout_rooms, shapermc_ecumenical_altar_mp_ritualfount,
          minmay_indecisive_spiral
D:3:      layout_loops_ring, doesnt_xom_only_xom,
          mainiacjoe_overflow_surrounded_room, cheibrodos_sewer_entry_sluice,
          gammafunk_ghost_icy, uniq_ijyb
D:4:      layout_basic, nzn_overflow_gifts_of_might_and_magic,
          lemuel_round_altar, nicolae_overflow_hidden_temple,
          okawaru_gym_becter, serial_shops, shop_fountains,
          amcnicky_mini_rare_corridor_liquid
D:5:      layout_cave_pools, lemuel_temple_firewalk_b

Skill      XL: |  1  2  3  4  5  6  7 |
---------------+----------------------+-----
Stealth        | 3 |  3.0
Summonings     | 5 6 7 |  7.2
Dodging        | 3 4 |  4.5
Hexes          | 1 2 3 |  3.4
Fighting       | 1 2 |  2.2
Spellcasting   | 3 |  3.6
Evocations     | 1 |  1.9
Air Magic      | 1 |  1.2

Action                   |  1- 3 |  4- 6 |  7- 9 || total
-------------------------+-------+-------+-------++-------
Melee: Unarmed           |    10 |    28 |     1 ||    39
       Bite              |       |     7 |       ||     7
 Cast: Summon Small Mamm |    63 |    52 |     6 ||   121
       Call Imp          |    15 |    25 |     4 ||    44
       Call Canine Famil |     5 |    30 |     3 ||    38
       Summon Guardian G |       |     8 |     4 ||    12
Evoke: Wand              |       |     1 |     1 ||     2
  Use: Scroll            |     2 |       |     6 ||     8
       Potion            |       |     6 |       ||     6
Armor: Skin              |     3 |     3 |       ||     6
Dodge: Dodged            |    23 |    49 |     2 ||    74

Table legend: (Time is in decaauts)
 A = Elapsed time spent in this place.
 B = Non-inter-level travel time spent in this place.
 C = Inter-level travel time spent in this place.
 D = Time resting spent in this place.
 E = Time spent auto-exploring this place.
 F = Levels seen in this place.
 G = Mean time per level.
                   A        B        C        D        E       F      G
               +--------+--------+--------+--------+--------+-----+--------+
         Total |   4993 |   4834 |    159 |    373 |   2933 |   6 |  832.2 |
       Dungeon |   4502 |   4343 |    159 |    373 |   2680 |   5 |  900.4 |
         Sewer |    491 |    491 |      0 |      0 |    252 |   1 |  491.0 |
               +--------+--------+--------+--------+--------+-----+--------+

Top non-repeatable levels by time:
     D:4: 1216 daAuts
     D:3: 1037 daAuts
     D:1: 996 daAuts
     D:2: 949 daAuts
   Sewer: 491 daAuts
     D:5: 301 daAuts
